 Dungeon Crawl Stone Soup version 0.24.0-1-gfbc8707122 (console) character file.

Game seed: 4441718958354111294, levelgen mode: deterministic

797 AlterAsc the Skirmisher (level 7, 0/108 HPs)
             Began as an Ogre Skald on Oct 26, 2019.
             Was an Initiate of Makhleb.
             Killed from afar by an orc wizard (13 damage)
             ... with a puff of flame
             ... on level 6 of the Dungeon.
             The game lasted 00:21:59 (4005 turns).

AlterAsc the Skirmisher (Ogre Skald)                Turns: 4005, Time: 00:22:01

Health: 0/108      AC: 23    Str: 18    XL:     7   Next: 89%
Magic:  10/13      EV:  1    Int: 14    God:    Makhleb [......]
Gold:   228        SH:  0    Dex:  8    Spells: 5/14 levels left

rFire    x . .     SeeInvis .   z - +0 giant club
rCold    + . .     Gourm    .   (shield currently unavailable)
rNeg     + + +     Faith    .   (armour currently unavailable)
rPois    +         Spirit   .   (helmet currently unavailable)
rElec    .         Reflect  .   (cloak currently unavailable)
rCorr    .         Harm     .   (gloves unavailable)
MR       .....     NoTele   +   (boots unavailable)
Stlth    +.........             (no amulet)
HPRegen  0.28/turn              n - ring of ice
MPRegen  0.13/turn              (no ring)

@: tree-form (expiring), heavily drained
A: large, unfitting armour
a: Renounce Religion


You were on level 6 of the Dungeon.
You worshipped Makhleb.
Makhleb was noncommittal.
You were very hungry.
You were a tree.
You visited 1 branch of the dungeon, and saw 6 of its levels.

You collected 228 gold pieces.

Inventory:

Hand Weapons
 a - a +0 mace
 e - a +0 club
 k - a +0 hunting sling
 x - a +4 hand axe
 z - a +0 giant club (weapon)
 H - a +0 giant club
Missiles
 h - 16 arrows
 w - 54 stones (quivered)
Armour
 b - a +0 robe (melded)
 p - a +0 robe
 t - a +0 robe
 A - a +0 shield
Jewellery
 n - a ring of ice (left branch)
Wands
 o - a wand of polymorph (4)
Scrolls
 g - 2 scrolls of remove curse
 j - a scroll of enchant weapon {unknown}
 l - a scroll of noise {unknown}
 r - 7 scrolls of identify
 u - a scroll of blinking {unknown}
 v - a scroll of immolation {unknown}
 y - a scroll of random uselessness {unknown}
 B - a scroll of magic mapping {unknown}
 F - a scroll of enchant armour {unknown}
 I - a scroll of amnesia {unknown}
Potions
 c - 4 potions of lignification
 f - a potion of cancellation {unknown}
 i - 3 potions of flight {unknown}
 m - a potion of mutation {unknown}
 q - a potion of curing {unknown}
 s - a potion of degeneration {unknown}
 C - a potion of invisibility {unknown}
 D - a potion of haste {unknown}
 E - a potion of heal wounds {unknown}
 G - a potion of might {unknown}
Comestibles
 d - 7 rations


   Skills:
 - Level 5.0(2.3) Fighting
 - Level 0.7(0.4) Axes
 * Level 4.3(1.7) Maces & Flails
 - Level 4.0(1.3) Dodging
 - Level 4.2(1.5) Spellcasting
 - Level 4.0(1.3) Charms
 + Level 2.0(0.0) Invocations


You had 5 spell levels left.
You knew the following spells:

 Your Spells              Type           Power        Failure   Level  Hunger
a - Infusion              Chrm           #...         14%         1    ##.....
b - Song of Slaying       Chrm           #.......     22%         2    ###....
c - Regeneration          Chrm/Necr      #.........   50%         3    ####...
d - Spectral Weapon       Hex/Chrm       #.......     50%         3    ####...

Your spell library contained the following spells:

 Spells                   Type           Power        Failure   Level  Hunger
 Shroud of Golubria       Chrm/Tloc      #.....       28%         2    ###....


Dungeon Overview and Level Annotations

Branches:
Dungeon (6/15)
 Temple: D:4-7

Altars:
Ashenzari
Elyvilon
Gozag
Kikubaaqudgha
Makhleb
Vehumet


Innate Abilities, Weirdness & Mutations

You are too large for most types of armour.
((You have tough skin. (AC +1)))


Message History

The orc wizard hits you but does no damage. x2
You barely miss the orc wizard.
The orc wizard is severely wounded.
The orc wizard hits you but does no damage.
You closely miss the orc wizard.
The orc wizard is severely wounded.
The orc wizard hits you with a +2 dagger of draining.
* * * LOW HITPOINT WARNING * * *
The orc wizard hits you with a +2 dagger of draining.
* * * LOW HITPOINT WARNING * * *
You barely miss the orc wizard.
The orc wizard is severely wounded.
The orc wizard hits you but does no damage.
You barely miss the orc wizard.
The orc wizard is severely wounded.
Your transformation is almost over.
You are feeling very hungry.
The orc wizard casts a spell at you. The puff of flame hits you!
The fire burns you terribly!
You die...

#.#.###........##
#.#.###.......##
#.#..##......## ##.
#.#...........# .....
#.#...........#### ###.# .
#.#..............###...##.
#.#........).###..##.# #..
#<#....##.....###....# #.#
....####.....##.♣oo#...###.#
##### ######.####......##.#
.. #..####..#.# #.#........#
.....#####?.# ##.. ## #...#
#.. ###o..o #.. ...## ...
.....


You could see an orc wizard and an orc.

Vanquished Creatures
  Prince Ribbit (D:5)
  2 ogres
  A howler monkey (D:5)
  A vampire bat (D:2)
  2 crimson imps
  A centaur skeleton (D:5)
  An orc wizard (D:6)
  Jessica (D:2)
  An iguana (D:5)
  A worker ant (D:5)
  Ijyb (D:5)
  4 adders
  A howler monkey skeleton (D:4)
  An ooze (D:3)
  3 worms
  2 dart slugs (D:1)
  2 leopard geckos (D:4)
  9 orcs
  3 bat skeletons (D:2)
  A bat zombie (D:2)
  A giant cockroach (D:6)
  6 goblins
  6 hobgoblins
  3 jackals (D:3)
  9 kobolds
  2 bats (D:1)
  6 frilled lizards
  A jackal skeleton (D:5)
  A leopard gecko skeleton (D:4)
  4 rats
78 creatures vanquished.

Notes
Turn   | Place    | Note
-------+----------+-------------------------------------------
     0 | D:1      | AlterAsc the Ogre Skald began the quest for the Orb.
     0 | D:1      | Reached XP level 1. HP: 22/22 MP: 3/3
   111 | D:1      | Reached XP level 2. HP: 18/29 MP: 5/5
   163 | D:1      | Reached skill level 3 in Fighting
   369 | D:1      | Learned a level 2 spell: Song of Slaying
   755 | D:1      | Reached XP level 3. HP: 30/37 MP: 4/7
   964 | D:1      | Learned a level 3 spell: Regeneration
  1329 | D:2      | Noticed Jessica
  1340 | D:2      | Killed Jessica
  1536 | D:2      | Reached XP level 4. HP: 36/45 MP: 8/8
  1752 | D:2      | Found an ancient bone altar of Kikubaaqudgha.
  1881 | D:3      | Reached XP level 5. HP: 35/54 MP: 6/9
  2055 | D:3      | Learned a level 3 spell: Spectral Weapon
  2098 | D:3      | Found a shattered altar of Ashenzari.
  2590 | D:4      | Reached skill level 4 in Fighting
  2676 | D:4      | Noticed an ogre
  2681 | D:4      | Killed an ogre
  2681 | D:4      | Reached XP level 6. HP: 62/62 MP: 7/11
  2857 | D:4      | Found a white marble altar of Elyvilon.
  2908 | D:4      | Found an opulent altar of Gozag.
  2958 | D:4      | Found a radiant altar of Vehumet.
  2959 | D:4      | Found a burning altar of Makhleb.
  2977 | D:4      | Became a worshipper of Makhleb the Destroyer
  3067 | D:5      | Entered Level 5 of the Dungeon
  3078 | D:5      | Noticed Ijyb
  3089 | D:5      | Killed Ijyb
  3524 | D:5      | Noticed Prince Ribbit
  3537 | D:5      | Killed Prince Ribbit
  3537 | D:5      | Reached skill level 5 in Fighting
  3537 | D:5      | Reached skill level 1 in Invocations
  3537 | D:5      | Reached XP level 7. HP: 47/72 MP: 4/13
  3565 | D:5      | Found an opulent altar of Gozag.
  4005 | D:6      | Killed from afar by an orc wizard

Levels and vault maps discovered:
D:1:      dpeg_arrival_shrine, layout_basic
D:2:      layout_loops_ring, kennysheep_vampire_church, uniq_jessica
D:3:      layout_loops_cross, first_ration, lemuel_statue_altar
D:4:      layout_rooms, grunt_temple_overflow_lords_of_destruction,
          nicolae_gozag_cash_rules_everything_around_me, elyvilon_altar_5
D:5:      layout_gridville, kennysheep_flooded_box, minmay_misc_feat_tiny,
          solitary_fountain, uniq_ijyb, uniq_prince_ribbit1
D:6:      layout_rooms, temple_hall_moat

Skill      XL: |  1  2  3  4  5  6  7 |
---------------+----------------------+-----
Fighting       | 3 4 5 |  5.0
Maces & Flails | 2 3 4 |  4.3
Spellcasting   | 3 4 |  4.2
Charms         | 3 4 |  4.0
Dodging        | 3 4 |  4.0
Invocations    | 1 2 |  2.0
Axes           | |  0.7

Action                   |  1- 3 |  4- 6 |  7- 9 || total
-------------------------+-------+-------+-------++-------
Melee: Mace              |   103 |    88 |       ||   191
       Hand axe          |       |     9 |       ||     9
       Giant club        |       |    36 |    49 ||    85
 Cast: Infusion          |     3 |     2 |       ||     5
       Song of Slaying   |     3 |     4 |       ||     7
       Spectral Weapon   |       |     9 |     2 ||    11
       Regeneration      |       |     3 |     2 ||     5
  Use: Scroll            |       |     2 |       ||     2
       Potion            |       |       |     1 ||     1
 Stab: Sleeping          |       |     1 |       ||     1
  Eat: Chunk             |     2 |     8 |     2 ||    12
Armor: Robe              |    36 |    26 |    14 ||    76
       Skin              |       |       |     7 ||     7
Dodge: Dodged            |    72 |    80 |    11 ||   163
